 Dungeon Crawl Stone Soup version 0.27.1-33-g824d729ab1 (webtiles) character file.

Game seed: 15488862738360800882

935 Cykl0x the Slasher (level 8, -16/47 HPs)
             Began as a Gargoyle Gladiator on Jan 1, 2022.
             Killed from afar by a steam dragon (27 damage)
             ... with a ball of steam
             ... on level 6 of the Dungeon.
             The game lasted 00:07:43 (4471 turns).

Cykl0x the Slasher (Gargoyle Gladiator)             Turns: 4471, Time: 00:07:44

Health: -16/47     AC: 18    Str: 18    XL:     8   Next: 11%
Magic:  11/12      EV: 11    Int: 11    God:
Gold:   282        SH:  5    Dex: 11    Spells: 1/12 levels left

rFire    . . .     SeeInvis .   a - +0 long sword
rCold    . . .     Faith    .   (no shield)
rNeg     + . .     Spirit   .   f - +0 ring mail
rPois    ∞         Reflect  +   c - +1 helmet
rElec    +         Harm     .   p - +0 cloak
rCorr    .         Rampage  .   (no gloves)
Will     .....                  (no boots)
Stlth    +.........             t - amulet of reflection
HPRegen  0.15/turn              k - +4 ring of protection
MPRegen  0.13/turn              (no ring)

@: no status effects
A: sickness immunity, AC +5, negative energy resistance 1, electricity
resistance, torment resistance 1, petrification resistance
a: no special abilities


You were on level 6 of the Dungeon.
You visited 1 branch of the dungeon, and saw 6 of its levels.

You collected 334 gold pieces.
You spent 52 gold pieces at shops.

Inventory:

Hand Weapons
 a - a +0 long sword (weapon)
 m - a +1 rapier of speed
Missiles
 j - 67 stones
Armour
 b - a +0 leather armour
 c - a +1 helmet (worn)
 f - a +0 ring mail (worn)
 p - a +0 cloak (worn)
Jewellery
 k - a +4 ring of protection (left hand)
 n - an amulet of guardian spirit
 r - a +6 ring of intelligence
 t - an amulet of reflection (around neck)
Scrolls
 e - 4 scrolls of identify
 g - 3 scrolls of enchant armour
 o - a scroll of blinking
 q - a scroll of immolation
Potions
 d - 2 potions of haste
 h - 3 potions of curing
 i - a potion of brilliance
 l - 2 potions of degeneration {unknown}
 s - a potion of mutation {unknown}


   Skills:
 + Level 3.6 Fighting
 + Level 4.9 Long Blades
 + Level 2.1 Throwing
 + Level 3.1 Armour
 + Level 3.2 Dodging
 + Level 2.8 Spellcasting
 + Level 3.2 Conjurations
 * Level 2.2 Transmutations
 * Level 0.7 Fire Magic
 * Level 1.1 Earth Magic


You had one spell level left.
You knew the following spells:

 Your Spells              Type           Power      Damage    Failure   Level
a - Wereblood             Tmut           6%         N/A       28%         2
b - Stone Arrow           Conj/Erth      12%        3d7       50%         3
c - Bolt of Magma         Conj/Fire/Erth 2%         4d4       99%         5
d - Magic Dart            Conj           32%        1d4       12%         1

Your spell library contained the following spells:

 Spells                   Type           Power      Damage    Failure   Level
 Beastly Appendage        Tmut           12%        N/A       19%         1
 Call Imp                 Summ           1%         N/A       56%         2
 Mephitic Cloud           Conj/Pois/Air  3%         N/A       65%         3
 Spider Form              Tmut/Pois      1%         N/A       65%         3
 Shatter                  Erth           2%         3d6*      100%        9


Dungeon Overview and Level Annotations

Branches:
Dungeon (6/15)
 Temple: D:4-7

Altars:
Hepliaklqana
Okawaru
Qazlal
Wu Jian

Shops:
D:2 *


Innate Abilities, Weirdness & Mutations

You are immune to sickness and miasma.
Your stone body is resilient. (AC +5)
You are immune to poison.
You resist negative energy. (rN+)
You are resistant to electric shocks. (rElec)
You are resistant to unholy torment.
You are immune to petrification.


Message History

The steam dragon claws you but does no damage.
You feel better.
The steam dragon bites you but does no damage.
The steam dragon claws you but does no damage.
You feel better. The steam dragon bites you!
The steam dragon closely misses you.
You slash the steam dragon!
The steam dragon is severely wounded.
The steam dragon barely misses you.
You riposte.
You hit the steam dragon.
The steam dragon is almost dead.
The steam dragon closely misses you.
You hit the steam dragon.
The steam dragon is almost dead.
The steam dragon breathes steam at you. The ball of steam hits you!
* * * LOW HITPOINT WARNING * * *
You hit the steam dragon.
The steam dragon is almost dead.
You are engulfed in a cloud of scalding steam.
The steam dragon misses you. You block the steam dragon's attack.
You hit the steam dragon but do no damage.
The steam dragon is almost dead.
The steam dragon misses you. The steam dragon barely misses you.
You barely miss the steam dragon.
The steam dragon is almost dead.
The steam dragon bites you but does no damage.
The steam dragon claws you but does no damage.
You hit the steam dragon but do no damage.
The steam dragon is almost dead.
You block the steam dragon's attack.
The steam dragon claws you but does no damage.
The steam dragon bites you.
* * * LOW HITPOINT WARNING * * *
The steam dragon barely misses you.
You hit the steam dragon but do no damage.
The steam dragon is almost dead.
The steam dragon breathes steam at you. The ball of steam hits you!!
Ouch! That really hurt!
You die...

### .# ..##$# #.#.. .#
..... . #.. .#. #.# ...
#.# #.# #########
#######D###.# ###.......#
#....#..@...###.#.......#
#.......###..............
#.....####..#####.......#
#.....####.## #.......#
#....##....# #########
#.......#### #.....###
####..# ...##


You could see a steam dragon (catching breath).

Vanquished Creatures
  Grinder (D:5)
  A necrophage (D:4)
  A black bear (D:4)
  An ogre (D:5)
  2 scorpions
  A wyvern skeleton (D:6)
  A water moccasin skeleton (D:4)
  2 centaur zombies
  A hound (D:4)
  2 iguanas
  3 adders
  2 adder skeletons (D:4)
  5 ball pythons
  7 endoplasms
  6 giant cockroaches
  5 goblins
  9 hobgoblins
  11 jackals
  2 quokkas
  4 bats (D:1)
  3 frilled lizards
  7 kobolds
  4 rats
81 creatures vanquished.

Vanquished Creatures (others)
  A fungus (D:2)
  A plant (D:2)
2 creatures vanquished.

Grand Total: 83 creatures vanquished

Notes
Turn   | Place    | Note
-------+----------+-------------------------------------------
     0 | D:1      | Cykl0x the Gargoyle Gladiator began the quest for the Orb.
     0 | D:1      | Reached XP level 1. HP: 12/12 MP: 1/1
   235 | D:1      | Reached XP level 2. HP: 18/18 MP: 2/2
   683 | D:1      | Reached skill level 3 in Long Blades
   929 | D:1      | Reached XP level 3. HP: 22/22 MP: 4/4
  1250 | D:2      | Found a faded altar of an unknown god.
  1371 | D:2      | Reached skill level 1 in Spellcasting
  1430 | D:2      | Found Deeryif's Assorted Antiques.
  1448 | D:2      | Bought a scroll labelled MIURIJ MEWNIG for 26 gold pieces
  1448 | D:2      | Bought a scroll labelled DOLALL HE ILEI for 26 gold pieces
  1511 | D:2      | Reached skill level 1 in Armour
  1511 | D:2      | Reached XP level 4. HP: 24/27 MP: 5/5
  1833 | D:3      | Learned a level 2 spell: Wereblood
  1975 | D:3      | Found a hazy altar of Hepliaklqana.
  1975 | D:3      | Found an iron altar of Okawaru.
  2188 | D:3      | Found a stormy altar of Qazlal.
  2391 | D:3      | Noticed a scorpion
  2413 | D:3      | Killed a scorpion
  2414 | D:3      | Reached skill level 1 in Conjurations
  2414 | D:3      | Reached XP level 5. HP: 31/31 MP: 5/7
  2561 | D:4      | Noticed a necrophage
  2573 | D:4      | Killed a necrophage
  2574 | D:4      | Reached skill level 1 in Transmutations
  2582 | D:4      | Reached XP level 6. HP: 36/36 MP: 8/8
  2608 | D:4      | Reached skill level 4 in Long Blades
  3126 | D:4      | Noticed a black bear
  3138 | D:4      | Killed a black bear
  3279 | D:4      | Reached XP level 7. HP: 38/41 MP: 8/10
  3321 | D:4      | Found an ornate altar of the Wu Jian Council.
  3577 | D:5      | Entered Level 5 of the Dungeon
  3769 | D:5      | Noticed Grinder
  3780 | D:5      | Paralysed by Grinder for 4 turns
  3809 | D:5      | Killed Grinder
  4021 | D:5      | Learned a level 3 spell: Stone Arrow
  4027 | D:5      | Learned a level 5 spell: Bolt of Magma
  4047 | D:5      | Reached XP level 8. HP: 46/46 MP: 12/12
  4188 | D:5      | Learned a level 1 spell: Magic Dart
  4408 | D:6      | Reached skill level 1 in Earth Magic
  4471 | D:6      | Killed from afar by a steam dragon

Illustrated notes

Levels and vault maps discovered:
D:1:      evilmike_arrival_plus, layout_loops_cross
D:2:      layout_rooms, serial_shops, shop, dreamdust_ecumenical_altar_grove
D:3:      layout_loops_ring, nicolae_qazlal_general_emergency,
          gammafunk_temple_overflow_elements
D:4:      layout_basic, nicolae_wu_jian_glorious_leap
D:5:      layout_cave_pools, uniq_grinder
D:6:      layout_rooms, minmay_temple_entry_glass, serial_shops,
          kennysheep_mini, minivault_19, minmay_crystal_room, uniq_duvessa

Skill      XL: |  1  2  3  4  5  6  7  8 |
---------------+-------------------------+-----
Long Blades    | 3 4 |  4.9
Spellcasting   | 1 2 |  2.8
Armour         | 1 2 3 |  3.1
Conjurations   | 1 2 3 |  3.2
Transmutations | 1 2 |  2.2
Throwing       | 2 |  2.1
Fighting       | 3 |  3.6
Dodging        | 3 |  3.2
Earth Magic    | 1 |  1.1
Fire Magic     | |  0.7

Action                   |  1- 3 |  4- 6 |  7- 9 || total
-------------------------+-------+-------+-------++-------
Melee: Long sword        |   107 |   120 |    92 ||   319
Throw: Throwing net      |     6 |       |       ||     6
       Stone             |     4 |    33 |     3 ||    40
 Cast: Wereblood         |       |       |     1 ||     1
       Magic Dart        |       |       |     8 ||     8
  Use: Scroll            |     6 |     1 |     3 ||    10
       Potion            |       |       |     3 ||     3
Armor: Leather armour    |     5 |       |       ||     5
       Ring mail         |    53 |   101 |    49 ||   203
Dodge: Dodged            |    73 |    95 |    61 ||   229
Block: Other             |       |       |     4 ||     4
       Rpst.: Long sword |    21 |    23 |    22 ||    66
